 Dungeon Sprint DCSS version 0.25-a0-766-g0ecfff5982 (webtiles) character file.

Game seed: 4201099757940863438, levelgen mode: deterministic

37 Caerthir the Slasher (level 3, 0/28 HPs)
             Began as a Demonspawn Gladiator on Apr 13, 2020.
             Was an Initiate of Okawaru.
             Slain by a black bear (4 damage)
             ... in the Dungeon (Sprint IX: "|||||||||||||||||||||||||||||").
             The game lasted 00:01:49 (495 turns).

Caerthir the Slasher (Demonspawn Gladiator)          Turns: 495, Time: 00:01:49

Health: 0/28       AC: 13    Str: 15    XL:     3   Next: 21%
Magic:  3/3        EV: 11    Int:  9    God:    Okawaru [......]
Gold:   0          SH:  0    Dex: 14    Spells: 2/2 levels left

rFire    . . .     SeeInvis .   o - +2 scimitar (flame)
rCold    . . .     Gourm    .   (no shield)
rNeg     . . .     Faith    .   a - +0 plate armour
rPois    .         Spirit   .   c - +0 helmet
rElec    .         Reflect  .   (no cloak)
rCorr    .         Harm     .   (no gloves)
MR       .....     NoTele   +   (no boots)
Stlth    ..........             (no amulet)
HPRegen  0.09/turn              b - +2 ring of protection
MPRegen  0.08/turn              p - +2 ring of evasion

@: no status effects
A: sturdy frame 2
a: Renounce Religion


You were in the Dungeon.
You worshipped Okawaru.
Okawaru was noncommittal.
You were not hungry.

You visited 1 branch

Inventory:

Hand Weapons
 o - a +2 scimitar of flaming (weapon)
Missiles
 d - 3 throwing nets (quivered)
Armour
 a - a +0 plate armour (worn)
 c - a +0 helmet (worn)
Jewellery
 b - a +2 ring of protection (left hand)
 p - a +2 ring of evasion (right hand)
Wands
 n - a wand of acid (10)
Scrolls
 k - 2 scrolls of blinking
 l - 3 scrolls of remove curse
 m - 2 scrolls of amnesia
Potions
 e - a potion of invisibility
 g - 2 potions of heal wounds
 h - a potion of haste
 i - 4 potions of magic
 j - 4 potions of curing
Comestibles
 f - a ration


   Skills:
 + Level 2.9 Fighting
 + Level 4.6 Long Blades
 + Level 2.3 Throwing
 + Level 4.5 Dodging


You had 2 spell levels left.
You didn't know any spells.
Your spell library was empty.

Dungeon Overview and Level Annotations

Branches:
Dungeon (1/1)

Altars:
Cheibriados
Dithmenos
Elyvilon
Fedhas
Gozag
Hepliaklqana
Kikubaaqudgha
Makhleb
Nemelex Xobeh
Okawaru
Qazlal
Ru
Sif Muna
Trog
Uskayaw
Vehumet
Wu Jian
Xom
Yredelemnul
Zin
The Shining One
Beogh
Jiyva
Lugonu


Innate Abilities, Weirdness & Mutations

Your movements are less encumbered by armour. (ER -4)


Message History

The phantom hits you.
You hit the phantom but do no damage.
The phantom is heavily damaged.
The black bear bites you.
The black bear claws you but does no damage.
The black bear barely misses you. The phantom hits you!
* * * LOW HITPOINT WARNING * * *
You slash the phantom! You burn the phantom.
The phantom is severely damaged.
The black bear barely misses you.
You riposte.
You hit the black bear but do no damage.
The black bear is severely wounded.
The black bear claws you but does no damage. x2
The phantom closely misses you.
You riposte.
You hit the phantom. You burn the phantom.
The phantom is almost destroyed.
The black bear bites you.
* * * LOW HITPOINT WARNING * * *
The black bear claws you.
You die...

▓.▓
▓.▓
▓Z▓
▓n▓
▓S▓
▓K▓
▓h▓
▓@▓
▓W▓
▓[▓
▓[▓
▓[▓
▓)▓
▓|▓
▓.▓
▓.▓


You could see a phantom, a black bear, a big kobold, a necrophage, an adder and
a bat zombie.

Vanquished Creatures
  A gnoll (D)
  2 adders (D)
  An orc (D)
  2 hobgoblins (D)
  A jackal (D)
  A frilled lizard (D)
  2 kobolds (D)
10 creatures vanquished.

Notes
Turn   | Place    | Note
-------+----------+-------------------------------------------
     0 | D        | Caerthir the Demonspawn Gladiator began the quest for the
                  | Orb.
     0 | D        | Reached XP level 1. HP: 16/16 MP: 1/1
    92 | D        | Gained mutation: Your movements are slightly less
                  | encumbered by armour. (ER -2) [demonic ancestry]
    92 | D        | Reached XP level 2. HP: 21/23 MP: 2/2
   108 | D        | Gained mutation: Your movements are less encumbered by
                  | armour. (ER -4) [demonic ancestry]
   108 | D        | Reached XP level 3. HP: 7/28 MP: 3/3
   108 | D        | HP: 1/42 [orc/+0 trident (6)]
   407 | D        | Found a roughly hewn altar of Beogh.
   407 | D        | Found a snail-covered altar of Cheibriados.
   407 | D        | Found a shadowy altar of Dithmenos.
   407 | D        | Found a white marble altar of Elyvilon.
   407 | D        | Found a blossoming altar of Fedhas.
   407 | D        | Found an opulent altar of Gozag.
   408 | D        | Found a hazy altar of Hepliaklqana.
   409 | D        | Found a viscous altar of Jiyva.
   410 | D        | Found an ancient bone altar of Kikubaaqudgha.
   411 | D        | Found a corrupted altar of Lugonu.
   412 | D        | Found a burning altar of Makhleb.
   413 | D        | Found a sparkling altar of Nemelex Xobeh.
   414 | D        | Found an iron altar of Okawaru.
   415 | D        | Found a stormy altar of Qazlal.
   416 | D        | Found a sacrificial altar of Ru.
   417 | D        | Found a shimmering blue altar of Sif Muna.
   418 | D        | Found a bloodstained altar of Trog.
   419 | D        | Found a hide-covered altar of Uskayaw.
   420 | D        | Found a radiant altar of Vehumet.
   421 | D        | Found an ornate altar of the Wu Jian Council.
   422 | D        | Became a worshipper of Warmaster Okawaru
   423 | D        | Found a shimmering altar of Xom.
   424 | D        | Found a basalt altar of Yredelemnul.
   425 | D        | Found a glowing silver altar of Zin.
   426 | D        | Found a glowing golden altar of the Shining One.
   481 | D        | Noticed a necrophage
   481 | D        | Noticed a big kobold
   481 | D        | Noticed a phantom
   481 | D        | Noticed a black bear
   495 | D        | Slain by a black bear

Levels and vault maps discovered:
D:        linesprint [early_d, line_temple, items_1, d_10, items_2, lair_1,
          lair_end, items_3, orc_1, orc_end, items_4, d_15, swamp_1, shoals_1,
          snake_1, spider_1, d_20, vaults_1, items_5, swamp_end, shoals_end,
          snake_end, spider_end, vaults_end, d_27, items_6, zot_1, zot_end,
          crypt_end, forest_end, elf_end, slime_end, tomb_end, abyss_end,
          pan_hell_end]

Skill      XL: |  1  2 |
---------------+-------+-----
Long Blades    | 3 4 |  4.6
Dodging        | 4 |  4.5
Throwing       | 2 |  2.3
Fighting       | |  2.9

Action                   || total
-------------------------++-------
Melee: Long sword        ||    43
       Scimitar          ||    14
  Use: Potion            ||     3
Armor: Leather armour    ||     9
       Plate armour      ||    27
Dodge: Dodged            ||    56
       Rpst.: Long sword ||    12
       Scimitar          ||     4

Table legend:
 A = Non-vault XP
 B = Vault XP
 C = Vault XP percentage of total XP
 D = Non-vault monster count
 E = Vault monster count
 F = Vault count percentage of total count
                 A         B        C        D         E       F
            +---------+---------+-------+---------+---------+-------
      Total |       0 |      53 | 100.0 |       0 |      10 | 100.0
            +---------+---------+-------+---------+---------+-------
          D |       0 |      53 | 100.0 |       0 |      10 | 100.0
            +---------+---------+-------+---------+---------+-------
